 Dungeon Crawl Stone Soup version 0.31-a0-150-g89dc3ad700 (webtiles) character file.

Game seed: 9506316920793243294

10582 qw the Skirmisher (level 11, -3/102 HPs)
             Began as a Minotaur Hunter on June 8, 2023.
             Was an Elder of Okawaru.
             Slain by a yak (8 damage)
             ... on level 10 of the Dungeon.
             The game lasted 00:04:30 (8161 turns).

qw the Skirmisher (Minotaur Hunter)                 Turns: 8161, Time: 00:04:30

Health: -3/102     AC:  4    Str: 27    XL:     11   Next: 38%
Magic:  11/13      EV: 18    Int:  5    God:    Okawaru [****..]
Gold:   436        SH:  0    Dex: 16    Spells: 10/10 levels left

rFire   + . .        Y - +0 arbalest
rCold   . . .        (shield currently unavailable)
rNeg    . . .        a - +0 troll leather armour {Pargi}
rPois   .            (helmet restricted)
rElec   .            d - +0 cloak
rCorr   .            n - +0 pair of gloves
SInv    .            (no boots)
Will    .....        k - amulet of regeneration
Stlth   +++          u - +6 ring of strength
HPRegen 1.97/turn    e - ring of protection from fire
MPRegen 0.13/turn

%: no passive effects
@: about to teleport, heroic, corroded
A: horns 2, retaliatory headbutt, strong 1, wild magic 1
a: Renounce Religion, Heroism, Finesse


You were on level 10 of the Dungeon.
You worshipped Okawaru.
Okawaru was greatly pleased with you.
You visited 1 branch of the dungeon, and saw 10 of its levels.
You also visited: Sewer.

You collected 605 gold pieces.
You spent 169 gold pieces at shops.


Innate Abilities, Weirdness & Mutations

You have a pair of horns on your head.
You reflexively headbutt those who attack you in melee.
Your muscles are strong. (Str +4, Int/Dex -1)
Your spells are a little harder to cast, but a little more powerful.


   Skills:
 - Level 11.0(16.0) Fighting
 + Level 14.8(19.8) Ranged Weapons
 - Level 4.1(9.1) Armour
 - Level 7.2(12.2) Dodging
 - Level 0.7(5.7) Stealth
 + Level 4.4 Invocations


You had 10 spell levels left.
You didn't know any spells.
Your spell library was empty.

Inventory:

Hand Weapons
 c - a +1 shortbow of flaming
 Y - a +0 arbalest (weapon)
Armour
 a - a +0 troll leather armour (worn) {Pargi}
 d - a +0 cloak (worn)
 n - a +0 pair of gloves (worn)
 o - a +0 leather armour of fire resistance
Jewellery
 e - a ring of protection from fire (right hand)
 k - an amulet of regeneration (around neck)
 p - a ring of positive energy
 r - a ring of resist corrosion
 u - a +6 ring of strength (left hand)
Scrolls
 j - 2 scrolls of identify
 q - a scroll of teleportation
Potions
 b - a potion of haste
 f - 4 potions of curing
 g - a potion of resistance
 h - a potion of might
 i - a potion of heal wounds
 l - a potion of mutation
 m - a potion of cancellation

Dungeon Overview and Level Annotations

Branches:
Dungeon (10/15)            Temple (0/1) D:7             Orc (0/2) D:9
  Sewer (visited)
   Lair: D:8-11

Altars:
Ashenzari
Cheibriados
Dithmenos
Fedhas
Gozag
Hepliaklqana
Kikubaaqudgha
Makhleb
Okawaru
Ru
Sif Muna
Trog
Uskayaw
Vehumet
Wu Jian
Xom
Zin

Shops:
D:6 !

Annotations:
D:3 2 transporters


Message History

The bolt hits the acid dragon but does no damage.
You hear a bellow!
A yak comes into view.
You shoot a bolt. The bolt hits the acid dragon.
The acid dragon is lightly wounded.
You shoot a bolt. The bolt barely misses the acid dragon.
A yak comes into view. x2
You shoot a bolt. The yak bellows! x2
The bolt hits the acid dragon but does no damage.
The acid dragon is lightly wounded.
The yak closely misses you. The acid dragon bites you!
The acid dragon claws you.
You shoot a bolt. The bolt hits the acid dragon.
The acid dragon is moderately wounded.
The yak closely misses you. The acid dragon closely misses you. x2
You shoot a bolt. The bolt hits the acid dragon!
The acid dragon is severely wounded.
The yak gores you! The yak misses you.
The acid dragon bites you but does no damage.
The acid dragon claws you.
You shoot a bolt. The bolt hits the acid dragon!
You kill the acid dragon!
Okawaru accepts your kill. The yak gores you! The yak completely misses you.
You shoot a bolt. The bolt hits the yak!!
The yak is heavily wounded.
The yak gores you!
The yak closely misses you. x2; The yak barely misses you.
You furiously retaliate!
You headbutt the yak! The yak gores you! The yak completely misses you.
The yak gores you!
8160 ||| INVOKING Heroism.
You gain the combat prowess of a mighty hero.
The yak gores you! The yak closely misses you. The yak gores you! x2
8161 ||| READING 2 scrolls of teleportation.
As you read the scroll of teleportation, it crumbles to dust.
You feel strangely unstable.
The yak closely misses you. x2; The yak gores you but does no damage.
The yak completely misses you. You furiously retaliate!
You headbutt the yak! The yak gores you!
You die...

...........#'#####..
............[.......
######'#.....8.8...
#......#...8.......
#......###'........
#..................
#..................
#.........YYY......
#..........@Y......
#..........YY......
#####..............
#......8.......
#........8.8.8.
#.........#..##
####......#..#
#......# .#


You could see 6 yaks.

Vanquished Creatures
  Urug (D:10)
  Pikel (D:8)
  A deep elf pyromancer (D:7)
  Joseph (D:8)
  A gargoyle (D:7)
  Maggie (D:7)
  2 trolls
  A wyvern (D:8)
  A human (D:9)
  14 yaks
  3 hogs (D:9)
  Grum (D:8)
  3 steam dragons
  Menkaure (D:7)
  2 acid dragons (D:10)
  2 water moccasins
  2 black bears
  5 sky beasts
  Pargi (Sewer)
  An orc warrior (D:9)
  2 ogres
  4 wolves (D:8)
  2 lemures (D:8)
  A phantom (D:6)
  2 centaurs
  2 kobold brigands (D:9)
  A bullfrog (D:8)
  3 scorpions
  4 wights
  9 killer bees
  4 howler monkeys
  8 hounds
  5 jellies
  2 orc priests
  A gnoll bouda (D:4)
  A sleepcap (D:4)
  4 iguanas
  12 orc wizards
  A mummy (D:8)
  Robin (D:4)
  20 gnolls
  4 adders
  2 shadow imps (D:8)
  A white imp (D:5)
  2 worms
  3 dart slugs
  49 orcs
  10 bats
  7 endoplasms
  6 giant cockroaches
  10 hobgoblins
  16 jackals
  5 quokkas
  10 ball pythons
  2 frilled lizards
  19 goblins
  18 kobolds
  2 kobold zombies (D:8)
  2 orc zombies (D:8)
  5 rats
307 creatures vanquished.

Vanquished Creatures (others)
  An ice beast (D:6)
1 creature vanquished.

Grand Total: 308 creatures vanquished

Notes
Turn   | Place    | Note
-------+----------+-------------------------------------------
     0 | D:1      | qw the Minotaur Hunter began the quest for the Orb.
     0 | D:1      | Reached XP level 1. HP: 18/18 MP: 0/0
     0 | D:1      | 0 ||| qw: Version: 0.2-a-119-g7aa9181
     0 | D:1      | 0 ||| qw: Game counter: 2865
     0 | D:1      | 0 ||| qw: Always use a shield: true
     0 | D:1      | 0 ||| qw: God list: Okawaru
     0 | D:1      | 0 ||| qw: Allow faded altars: false
     0 | D:1      | 0 ||| qw: Do Orc after D:15 true
     0 | D:1      | 0 ||| qw: Do second Lair branch before Depths: true
     0 | D:1      | 0 ||| qw: Lair rune preference: random
     0 | D:1      | 0 ||| qw: Plans: Normal
     0 | D:1      | 0 ||| PLANNING D:1-11
    55 | D:1      | 55 ||| Stepping ~*~*~tactically~*~*~ (outnumbered).
    61 | D:1      | Reached XP level 2. HP: 25/25 MP: 1/1
   281 | D:1      | Reached skill level 5 in Ranged Weapons
   446 | D:1      | Reached skill level 3 in Fighting
   655 | D:1      | 655 ||| UPGRADING to +0 cloak.
   660 | D:1      | 660 ||| UPGRADING to +0 ring mail.
   670 | D:1      | 670 ||| DROPPING +0 leather armour.
   671 | D:1      | 671 ||| READING scroll labelled RIGO CASINUYL.
   672 | D:1      | 672 ||| READING 3 scrolls labelled PEKHLO ATAHOXE.
   673 | D:1      | 673 ||| READING scroll labelled KOGUIS DOMO.
   676 | D:1      | 676 ||| READING scroll labelled ROWOIG WOWEF.
   677 | D:1      | 677 ||| READING 2 scrolls of identify.
   677 | D:1      | 677 ||| IDENTIFYING bubbling silvery potion
   678 | D:1      | 678 ||| DROPPING scroll of butterflies.
   725 | D:2      | Reached skill level 1 in Armour
   725 | D:2      | Reached XP level 3. HP: 23/31 MP: 2/2
   830 | D:2      | Found a bloodstained altar of Trog.
  1348 | D:2      | 1348 ||| READING scroll labelled HYSAUTR YWEGG.
  1349 | D:2      | 1349 ||| READING 5 scrolls of identify.
  1349 | D:2      | 1349 ||| IDENTIFYING sedimented amethyst potion
  1350 | D:2      | 1350 ||| READING 4 scrolls of identify.
  1350 | D:2      | 1350 ||| IDENTIFYING yellow potion
  1351 | D:2      | 1351 ||| READING 3 scrolls of identify.
  1351 | D:2      | 1351 ||| IDENTIFYING smoky inky potion
  1352 | D:2      | 1352 ||| READING 2 scrolls of identify.
  1352 | D:2      | 1352 ||| IDENTIFYING puce potion
  1353 | D:2      | 1353 ||| DROPPING potion of berserk rage.
  1354 | D:2      | 1354 ||| DROPPING potion of ambrosia.
  1355 | D:2      | 1355 ||| DROPPING potion of brilliance.
  1386 | D:3      | Found a sacrificial altar of Ru.
  1386 | D:3      | Found a burning altar of Makhleb.
  1387 | D:3      | 1387 ||| PLANNING SEWER
  1390 | D:3      | Found an ornate altar of the Wu Jian Council.
  1391 | D:3      | Found a transporter.
  1432 | D:3      | Reached XP level 4. HP: 38/38 MP: 3/3
  1545 | D:3      | Found a transporter.
  1676 | D:3      | Reached skill level 6 in Ranged Weapons
  1687 | D:3      | Found an iron altar of Okawaru.
  1954 | D:3      | Found a glowing drain.
  1955 | D:3      | 1955 ||| READING scroll labelled CYIFOE HAHE.
  1956 | D:3      | 1956 ||| READING scroll labelled KAXAIM JEMO.
  1957 | D:3      | 1957 ||| READING scroll labelled JECIGH COTSYVA.
  2061 | Sewer    | Entered a sewer
  2085 | Sewer    | Noticed Pargi
  2094 | Sewer    | Killed Pargi
  2095 | Sewer    | Reached XP level 5. HP: 46/48 MP: 4/4
  2123 | Sewer    | 2123 ||| UPGRADING to +0 troll leather armour {Pargi}.
  2133 | Sewer    | 2133 ||| DROPPING +0 ring mail.
  2134 | Sewer    | 2134 ||| READING scroll labelled ZIAFES BIUW.
  2155 | D:3      | 2155 ||| PLANNING OKAWARU WORSHIP
  2218 | D:3      | Became a worshipper of Warmaster Okawaru
  2218 | D:3      | 2218 ||| PLANNING D:1-11
  2275 | D:3      | Found an opulent altar of Gozag.
  2275 | D:3      | Found a hazy altar of Hepliaklqana.
  2275 | D:3      | Found a shadowy altar of Dithmenos.
  2276 | D:3      | Found a broken altar of Ashenzari.
  2278 | D:3      | Found a radiant altar of Vehumet.
  2279 | D:3      | Found a blossoming altar of Fedhas.
  2389 | D:4      | 2389 ||| DRINKING potion of curing.
  2389 | D:4      | 2389 ||| (to cure confusion)
  2402 | D:4      | HP: 12/48 [orc wizard/+0 dagger of electrocution (20)]
  2403 | D:4      | 2403 ||| DRINKING 2 potions of heal wounds.
  2428 | D:4      | Found a hide-covered altar of Uskayaw.
  2520 | D:4      | Noticed Robin
  2536 | D:4      | Killed Robin
  2603 | D:4      | Reached * piety under Okawaru
  2604 | D:4      | Reached skill level 7 in Ranged Weapons
  2604 | D:4      | Reached XP level 6. HP: 32/56 MP: 5/5
  2736 | D:4      | Reached skill level 1 in Invocations
  2810 | D:4      | 2810 ||| INVOKING Heroism.
  2822 | D:4      | Reached XP level 7. HP: 54/61 MP: 5/7
  2943 | D:4      | 2943 ||| INVOKING Heroism.
  3017 | D:4      | 3017 ||| INVOKING Heroism.
  3032 | D:4      | Reached skill level 8 in Ranged Weapons
  3035 | D:4      | Reached skill level 3 in Invocations
  3054 | D:4      | 3054 ||| INVOKING Heroism.
  3090 | D:4      | 3090 ||| INVOKING Heroism.
  3093 | D:4      | Reached skill level 3 in Dodging
  3382 | D:4      | Found a shimmering altar of Xom.
  3382 | D:4      | Found a snail-covered altar of Cheibriados.
  3476 | D:4      | Found a glowing silver altar of Zin.
  3573 | D:4      | 3573 ||| DROPPING ring of magical power.
  3574 | D:4      | 3574 ||| DRINKING 2 coppery potions.
  3583 | D:5      | Entered Level 5 of the Dungeon
  3584 | D:5      | 3584 ||| INVOKING Heroism.
  3599 | D:5      | Reached XP level 8. HP: 51/68 MP: 7/10
  3605 | D:5      | Reached skill level 9 in Ranged Weapons
  3605 | D:5      | 3605 ||| STAIRDANCE
  3607 | D:4      | 3607 ||| INVOKING Heroism.
  3816 | D:5      | 3816 ||| INVOKING Heroism.
  3819 | D:5      | Reached skill level 6 in Fighting
  3935 | D:5      | Found an ancient bone altar of Kikubaaqudgha.
  4261 | D:5      | 4261 ||| UPGRADING to amulet of regeneration.
  4266 | D:5      | 4266 ||| READING scroll labelled IRIFOE OHYIMEA.
  4267 | D:5      | 4267 ||| READING scroll labelled XIBLIM WEUHUC.
  4268 | D:5      | 4268 ||| READING scroll labelled SOLOLA HOLUKUB.
  4269 | D:5      | 4269 ||| READING 3 scrolls of identify.
  4269 | D:5      | 4269 ||| IDENTIFYING orange potion
  4270 | D:5      | 4270 ||| READING 2 scrolls of identify.
  4270 | D:5      | 4270 ||| IDENTIFYING blue potion
  4271 | D:5      | 4271 ||| DROPPING potion of enlightenment.
  4272 | D:5      | 4272 ||| DROPPING potion of degeneration.
  4312 | D:6      | 4312 ||| INVOKING Heroism.
  4316 | D:6      | 4316 ||| Stepping ~*~*~tactically~*~*~ (cloud).
  4363 | D:6      | 4363 ||| INVOKING Heroism.
  4371 | D:6      | Reached skill level 10 in Ranged Weapons
  4461 | D:6      | 4461 ||| INVOKING Heroism.
  4477 | D:6      | Reached XP level 9. HP: 42/79 MP: 9/11
  4483 | D:6      | HP: 18/79 [yak (10)]
  4484 | D:6      | 4484 ||| READING 2 scrolls of teleportation.
  4484 | D:6      | Reached ** piety under Okawaru
  4526 | D:6      | 4526 ||| INVOKING Heroism.
  4527 | D:6      | 4527 ||| Stepping ~*~*~tactically~*~*~ (outnumbered).
  4529 | D:6      | 4529 ||| Stepping ~*~*~tactically~*~*~ (outnumbered).
  4575 | D:6      | 4575 ||| UPGRADING to ring of positive energy.
  4583 | D:6      | Reached skill level 11 in Ranged Weapons
  4653 | D:6      | 4653 ||| INVOKING Heroism.
  4886 | D:6      | Found Ihies's Distillery.
  4891 | D:6      | 4891 ||| BUYING potion of curing (39 gold).
  4891 | D:6      | Bought a potion of curing for 39 gold pieces
  4891 | D:6      | 4891 ||| BUYING potion of heal wounds (65 gold).
  4891 | D:6      | Bought a potion of heal wounds for 65 gold pieces
  4891 | D:6      | 4891 ||| BUYING potion of heal wounds (65 gold).
  4891 | D:6      | Bought a potion of heal wounds for 65 gold pieces
  4949 | D:6      | You fall into a shaft and drop 2 floors!
  4963 | D:8      | 4963 ||| INVOKING Heroism.
  5012 | D:8      | Reached skill level 12 in Ranged Weapons
  5019 | D:8      | 5019 ||| INVOKING Heroism.
  5028 | D:8      | HP: 15/82 [yak (9)]
  5029 | D:8      | 5029 ||| READING scroll of teleportation.
  5029 | D:8      | HP: 6/82 [yak (11)]
  5030 | D:8      | 5030 ||| DRINKING 3 potions of heal wounds.
  5035 | D:8      | 5035 ||| STAIRDANCE
  5122 | D:7      | 5122 ||| INVOKING Heroism.
  5158 | D:7      | 5158 ||| INVOKING Heroism.
  5163 | D:7      | Reached XP level 10. HP: 88/90 MP: 9/12
  5190 | D:7      | 5190 ||| INVOKING Heroism.
  5274 | D:7      | 5274 ||| UPGRADING to ring of protection from fire.
  5530 | D:7      | Found a staircase to the Ecumenical Temple.
  5558 | D:7      | Reached skill level 13 in Ranged Weapons
  5576 | D:7      | Noticed a deep elf pyromancer
  5580 | D:7      | Noticed a gargoyle
  5581 | D:7      | 5581 ||| Stepping ~*~*~tactically~*~*~ (outnumbered).
  5594 | D:7      | 5594 ||| INVOKING Heroism.
  5600 | D:7      | Killed a deep elf pyromancer
  5600 | D:7      | Reached *** piety under Okawaru
  5601 | D:7      | Reached skill level 9 in Fighting
  5613 | D:7      | HP: 20/91 [gargoyle/+0 mace (23)]
  5614 | D:7      | 5614 ||| READING scroll of teleportation.
  5614 | D:7      | Killed a gargoyle
  5678 | D:7      | Noticed Menkaure
  5679 | D:7      | 5679 ||| INVOKING Heroism.
  5682 | D:7      | Killed Menkaure
  5683 | D:7      | Reached skill level 6 in Dodging
  5791 | D:7      | 5791 ||| DRINKING 2 smoky green potions.
  5791 | D:7      | Gained mutation: Your spells are a little harder to cast,
                  | but a little more powerful. [potion of mutation]
  5791 | D:7      | Gained mutation: Your muscles are strong. (Str +4, Int/Dex
                  | -1) [potion of mutation]
  5794 | D:7      | 5794 ||| INVOKING Heroism.
  5880 | D:7      | Noticed Maggie
  5891 | D:7      | Killed Maggie
  6111 | D:7      | 6111 ||| DRINKING 2 silvery potions.
  6163 | D:8      | Noticed Joseph
  6163 | D:8      | Noticed Pikel
  6175 | D:8      | 6175 ||| INVOKING Heroism.
  6185 | D:8      | HP: 17/91 [Joseph/+0 quarterstaff (13)]
  6186 | D:8      | 6186 ||| DRINKING 2 potions of heal wounds.
  6191 | D:8      | Killed Joseph
  6197 | D:8      | 6197 ||| INVOKING Heroism.
  6205 | D:8      | Killed Pikel
  6291 | D:8      | 6291 ||| INVOKING Heroism.
  6324 | D:8      | Reached skill level 14 in Ranged Weapons
  6354 | D:8      | 6354 ||| INVOKING Heroism.
  6469 | D:8      | Noticed Grum
  6470 | D:8      | 6470 ||| INVOKING Heroism.
  6473 | D:8      | 6473 ||| Stepping ~*~*~tactically~*~*~ (outnumbered).
  6488 | D:8      | 6488 ||| INVOKING Heroism.
  6491 | D:8      | Killed Grum
  7266 | D:8      | 7266 ||| UPGRADING to +0 pair of gloves.
  7271 | D:8      | 7271 ||| DROPPING ring of wizardry.
  7272 | D:8      | 7272 ||| READING scroll labelled YTOILA ZOVIC.
  7273 | D:8      | 7273 ||| READING 2 scrolls of identify.
  7273 | D:8      | 7273 ||| IDENTIFYING grey potion
  7325 | D:9      | Reached XP level 11. HP: 97/98 MP: 13/13
  7331 | D:9      | 7331 ||| STAIRDANCE
  7333 | D:8      | 7333 ||| DRINKING 2 potions of curing.
  7333 | D:8      | 7333 ||| (to cure confusion)
  7496 | D:9      | Found a staircase to the Orcish Mines.
  7544 | D:9      | 7544 ||| INVOKING Heroism.
  7567 | D:9      | 7567 ||| Stepping ~*~*~tactically~*~*~ (outnumbered).
  7568 | D:9      | 7568 ||| Stepping ~*~*~tactically~*~*~ (outnumbered).
  7569 | D:9      | 7569 ||| Stepping ~*~*~tactically~*~*~ (outnumbered).
  7570 | D:9      | 7570 ||| Stepping ~*~*~tactically~*~*~ (outnumbered).
  7688 | D:9      | 7688 ||| Stepping ~*~*~tactically~*~*~ (outnumbered).
  7689 | D:9      | 7689 ||| Stepping ~*~*~tactically~*~*~ (outnumbered).
  7818 | D:9      | 7818 ||| INVOKING Heroism.
  7862 | D:9      | Found a shimmering blue altar of Sif Muna.
  7863 | D:9      | 7863 ||| SWAPPING to +0 arbalest.
  7946 | D:9      | Reached **** piety under Okawaru
  8018 | D:9      | 8018 ||| UPGRADING to ring of resist corrosion.
  8020 | D:9      | 8020 ||| DROPPING +6 ring of intelligence.
  8021 | D:9      | 8021 ||| UPGRADING to +6 ring of strength.
  8023 | D:9      | 8023 ||| READING scroll labelled UJEIRI KASY.
  8024 | D:9      | 8024 ||| READING scroll labelled ERAUDA ZAMN.
  8025 | D:9      | 8025 ||| READING 2 scrolls of identify.
  8025 | D:9      | 8025 ||| IDENTIFYING fuming black potion
  8032 | D:10     | Entered Level 10 of the Dungeon
  8047 | D:10     | 8047 ||| FLEEEEING.
  8050 | D:10     | 8050 ||| STAIRDANCE
  8061 | D:10     | 8061 ||| INVOKING Heroism.
  8078 | D:10     | 8078 ||| INVOKING Heroism.
  8078 | D:10     | Noticed Urug
  8096 | D:10     | Killed Urug
  8102 | D:10     | 8102 ||| FLEEEEING.
  8105 | D:10     | 8105 ||| STAIRDANCE
  8160 | D:10     | 8160 ||| INVOKING Heroism.
  8160 | D:10     | HP: 11/102 [yak (15)]
  8160 | D:10     | HP: 3/102 [yak (8)]
  8161 | D:10     | 8161 ||| READING 2 scrolls of teleportation.
  8161 | D:10     | Slain by a yak

Levels and vault maps discovered:
D:1:      eino_arrival_tree_alley, layout_loops_ring
D:2:      layout_loops_ring, basic_altar, minmay_surrounded
D:3:      gammafunk_wand_slinger, layout_loops_ring, minitemple,
          mainiacjoe_overflow_alcove_2, gup_sewer_entry_bowl, minivault_11
D:4:      lemuel_castle_with_subvaults [lemuel_castle_interior_carwin_3],
          layout_basic, lemuel_round_altar, zin_treasury,
          gammafunk_temple_overflow_elements, minmay_pentangle, uniq_robin
D:5:      layout_rooms, lemuel_zombie_altar_kikubaaqudgha, serial_bayou,
          serial_bayou_pond_b, serial_bayou_crossing, serial_bayou_pond_c,
          serial_bayou_pond_a, minivault_5
D:6:      corexii_shack_village, layout_loops_ring, serial_shops, shop
D:7:      layout_loops_ring, minmay_temple_entry_grid, serial_glass,
          glass_columns_b, glass_columns_a, glass_columns_a, glass_columns_a,
          glass_columns_b, glass_columns_a, glass_columns_c, glass_columns_a,
          minmay_stone_trees_small, minmay_manual_mess, uniq_maggie,
          uniq_menkaure
D:8:      layout_basic, nicolae_benzene_ring, minmay_mini_ossuary, uniq_joseph,
          uniq_grum, uniq_pikel
D:9:      layout_long_grid, mainiacjoe_overflow_surrounded_room, orc_0_dummy,
          corner_web_ring, st_stairs_3, grunt_livestock
D:10:     layout_irregular_city, hellmonk_lair_entry_icy, serial_column_ruins,
          column_ruins_hut, column_ruins_circle_large, column_ruins_grid_1,
          column_ruins_columns_dead_end, column_ruins_columns_corner,
          column_ruins_open_tiny, hangedman_tell_no_tales, uniq_urug,
          uniq_psyche

Skill      XL: |  1  2  3  4  5  6  7  8  9 10 11 |
---------------+----------------------------------+-----
Ranged Weapons | 5 6 7 8 10 12 14 | 14.8
Fighting       | 3 5 7 8 10 11 | 11.0
Armour         | 1 2 4 |  4.1
Invocations    | 2 4 |  4.4
Dodging        | 3 4 5 7 |  7.2
Stealth        | |  0.7

Action                     |  1- 3 |  4- 6 |  7- 9 | 10-12 || total
---------------------------+-------+-------+-------+-------++-------
   Fire: Shortbow          |   104 |   158 |   416 |   337 ||  1015
         Arbalest          |       |       |       |    51 ||    51
 Invoke: Heroism           |       |     1 |    16 |    15 ||    32
    Use: Scroll            |    10 |     4 |     7 |     7 ||    28
         Potion            |       |     2 |     2 |     4 ||     8
 Armour: Ring mail         |    14 |     6 |       |       ||    20
         Troll leather arm |       |    30 |    42 |    31 ||   103
  Dodge: Dodged            |    31 |    44 |   145 |   133 ||   353

Table legend:
 A = Non-vault XP
 B = Vault XP
 C = Vault XP percentage of total XP
 D = Non-vault monster count
 E = Vault monster count
 F = Vault count percentage of total count
                 A         B        C        D         E       F
            +---------+---------+-------+---------+---------+-------
      Total |    8639 |    6479 |  42.9 |     179 |     127 |  41.5
            +---------+---------+-------+---------+---------+-------
        D:1 |      36 |       0 |   0.0 |      21 |       0 |   0.0
        D:2 |      47 |      12 |  20.3 |      14 |       6 |  30.0
        D:3 |      35 |       5 |  12.5 |      17 |       3 |  15.0
        D:4 |     204 |     798 |  79.6 |       9 |      73 |  89.0
        D:5 |     400 |      83 |  17.2 |      17 |       2 |  10.5
        D:6 |    2178 |      23 |   1.0 |      27 |      12 |  30.8
        D:7 |     896 |    1771 |  66.4 |      15 |       7 |  31.8
        D:8 |    2551 |    1762 |  40.9 |      25 |      12 |  32.4
        D:9 |    1673 |    1106 |  39.8 |      31 |       7 |  18.4
       D:10 |     619 |     784 |  55.9 |       3 |       1 |  25.0
      Sewer |       0 |     135 | 100.0 |       0 |       4 | 100.0
            +---------+---------+-------+---------+---------+-------
